 Dungeon Crawl Stone Soup version 0.32-a0-136-gc02482bde3 (webtiles) character file.

Game seed: 6034760043893906515

1061 grandjackal the Trooper (level 8, -8/64 HPs)
             Began as a Demonspawn Gladiator on Feb 11, 2024.
             Was an Initiate of Gozag.
             Killed from afar by Maggie (30 damage)
             ... with a bolt of fire
             ... on level 6 of the Dungeon.
             The game lasted 00:06:56 (4783 turns).

grandjackal the Trooper (Demonspawn Gladiator)      Turns: 4783, Time: 00:06:58

Health: -8/64      AC: 11    Str: 17    XL:     8   Next: 6%
Magic:  8/8        EV: 11    Int:  8    God:    Gozag
Gold:   497        SH:  5    Dex: 18    Spells: 7/7 levels left

rFire   . . .        a - +0 long sword
rCold   . . .        j - +0 buckler
rNeg    . . .        h - +0 ring mail
rPois   .            (helmet restricted)
rElec   .            u - +2 cloak
rCorr   +            v - +2 pair of gloves {Str+3}
SInv    .            (no boots)
Will    .....        (no amulet)
Stlth   +            r - ring of resist corrosion
HPRegen 0.30/turn    (no ring)
MPRegen 0.11/turn

%: no passive effects
@: mesmerised
A: horns 2, icemail 1, condensation shield
a: Renounce Religion, Potion Petition, Call Merchant, Bribe Branch


You were on level 6 of the Dungeon.
You worshipped Gozag.
Gozag was aware of your devotion.
You visited 2 branches of the dungeon, and saw 7 of its levels.

You collected 726 gold pieces.
You spent 172 gold pieces at shops.
You paid 57 gold pieces to Gozag.

Inventory:

Hand Weapons
 a - a +0 long sword (weapon)
 s - a +1 dagger of venom
Missiles
 d - 4 throwing nets (quivered)
 e - 4 javelins
 o - 6 poisoned darts
Armour
 h - a +0 ring mail (worn)
 j - a +0 buckler (worn)
 u - a +2 cloak (worn)
 v - a +2 pair of gloves of strength (worn)
Jewellery
 r - a ring of resist corrosion (left hand)
 B - a ring of fire
Scrolls
 b - a scroll of amnesia {unknown}
 c - 5 scrolls of identify {unknown}
 f - 2 scrolls of torment {unknown}
 k - 3 scrolls of brand weapon {unknown}
 l - 3 scrolls of revelation {unknown}
 n - a scroll of teleportation {unknown}
 p - a scroll of enchant weapon {unknown}
 q - a scroll of enchant armour {unknown}
 t - a scroll of poison {unknown}
 w - a scroll of fog {unknown}
 y - a scroll of blinking {unknown}
Potions
 g - 3 potions of curing {unknown}
 i - 2 potions of mutation {unknown}
 m - a potion of magic {unknown}
 x - a potion of enlightenment {unknown}
 z - a potion of cancellation {unknown}
 A - a potion of resistance {unknown}
 C - a potion of might {unknown}
 D - a potion of heal wounds {unknown}


   Skills:
 + Level 5.8 Fighting
 + Level 5.6 Long Blades
 - Level 2.0 Throwing
 - Level 3.0 Dodging
 + Level 4.3 Shields


You had 7 spell levels left.
You didn't know any spells.
Your spell library contained the following spells:

 Spells                   Type           Power      Damage    Failure   Level
 Sandblast                Erth           0%         2d4       71%         1
 Dazzling Flash           Conj/Hex       0%         N/A       97%         3
 Passwall                 Erth           0%         N/A       97%         3
 Stone Arrow              Conj/Erth      0%         3d7       97%         3
 Volatile Blastmotes      Fire/Tloc      0%         2d10      97%         3
 Brom's Barrelling Bould  Conj/Erth      0%         2d3       100%        4
 Starburst                Conj/Fire      0%         6d3       100%        6
 Maxwell's Capacitive Co  Air            0%         ∞         100%        8


Dungeon Overview and Level Annotations

Branches:
Dungeon (6/15)             Temple (1/1) D:4

Altars:
Ashenzari
Fedhas
Gozag
Hepliaklqana
Makhleb
Qazlal
Sif Muna
Uskayaw
Vehumet
Xom
Yredelemnul

Shops:
D:3 [

Annotations:
D:6 Maggie


Innate Abilities, Weirdness & Mutations

You have a pair of horns on your head.
A meltable icy envelope protects you from harm. (AC +0)
A meltable shield of frost defends you. (SH +0)


Message History

You hit Maggie but do no damage.
Maggie is lightly wounded.
Maggie closely misses you. Maggie hits you but does no damage.
You slash Maggie! You headbutt Maggie.
Maggie is moderately wounded.
Maggie casts a spell.
Maggie attempts to bespell you!
You are mesmerised by Maggie!
You hit Maggie but do no damage.
Maggie is moderately wounded.
Maggie hits you with a +0 morningstar of flaming!
Maggie burns you.
You slash Maggie!
Maggie is heavily wounded.
Maggie casts a spell at you. The bolt of fire hits you!
You closely miss Maggie.
Maggie is heavily wounded.
Maggie points at you and mumbles some strange words.
The bolt of fire misses you.
You slash Maggie!
Maggie is heavily wounded.
Maggie hits you with a +0 morningstar of flaming.
Maggie burns you.
You are too injured to fight recklessly!
You are too injured to fight recklessly!
You are too injured to fight recklessly!
You are too injured to fight recklessly!
You hit Maggie but do no damage. You headbutt Maggie!
Maggie is severely wounded.
Maggie casts a spell.
Maggie draws you further into her thrall.
You slash Maggie!
Maggie is severely wounded.
Maggie hits you with a +0 morningstar of flaming.
Maggie burns you.
Maggie points at you and mumbles some strange words.
The bolt of fire hits you!!
You die...
Your body crumbles into a pile of gold.

###....#....# #.#.......#
####.>.##....#
####.....######.#
#2###....# .# #####
####.#....# #.#
....####._..##...####.#.#
###.#............@....#
#....+...+....@###.."....
###..#...#.[...# ....###
####._.###...# ....#
##### ##### ....# #A#
....@# ### .....# .....#


You could see Maggie (mesmerising).

Vanquished Creatures
  A black bear (D:5)
  A sky beast (D:6)
  2 scorpions
  2 hounds (D:4)
  2 bombardier beetles
  An orc priest (D:4)
  Crazy Yiuf (D:3)
  4 jellies (D:6)
  4 iguanas
  An orc wizard (D:6)
  Robin (D:3)
  14 adders
  9 gnolls
  4 dart slugs
  A ribbon worm (D:2)
  4 orcs
  6 endoplasms
  4 giant cockroaches
  12 goblins
  14 hobgoblins
  2 jackals (D:2)
  3 quokkas
  10 ball pythons
  5 bats
  5 frilled lizards
  8 kobolds
  7 rats
128 creatures vanquished.

Notes
Turn   | Place    | Note
-------+----------+-------------------------------------------
     0 | D:1      | grandjackal the Demonspawn Gladiator began the quest for
                  | the Orb.
     0 | D:1      | Reached XP level 1. HP: 16/16 MP: 1/1
   122 | D:1      | Gained mutation: You have a pair of small horns on your
                  | head. [demonic ancestry]
   122 | D:1      | Reached XP level 2. HP: 20/22 MP: 2/2
   935 | D:1      | Gained mutation: A meltable shield of frost defends you.
                  | (SH +0) [demonic ancestry]
   935 | D:1      | Reached XP level 3. HP: 28/28 MP: 3/3
  1301 | D:2      | Found a shimmering altar of Xom.
  1304 | D:2      | You fall into a shaft and drop 2 floors!
  1314 | D:4      | Found a staircase to the Ecumenical Temple.
  1330 | D:4      | Reached XP level 4. HP: 35/35 MP: 4/4
  1340 | D:4      | Reached skill level 1 in Shields
  1373 | Temple   | Entered the Ecumenical Temple
  1720 | D:2      | Gained mutation: You have a pair of horns on your head.
                  | [demonic ancestry]
  1720 | D:2      | Reached XP level 5. HP: 41/41 MP: 5/5
  1848 | D:3      | Found an opulent altar of Gozag.
  1857 | D:3      | Became a worshipper of Gozag Ym Sagoz the Greedy
  1912 | D:3      | Found Qocvu's Antique Armour Boutique.
  2009 | D:3      | Noticed Robin
  2026 | D:3      | Killed Robin
  2132 | D:3      | Found a runed translucent door.
  2133 | D:3      | Noticed Crazy Yiuf
  2553 | D:3      | Gained mutation: A meltable icy envelope protects you from
                  | harm. (AC +0) [demonic ancestry]
  2553 | D:3      | Reached XP level 6. HP: 23/48 MP: 6/6
  2969 | D:3      | Killed Crazy Yiuf
  3051 | D:3      | Bought a pair of runed gloves for 172 gold pieces
  3803 | D:4      | Reached XP level 7. HP: 52/55 MP: 7/7
  3857 | D:4      | Found a shimmering blue altar of Sif Muna.
  4080 | D:5      | Entered Level 5 of the Dungeon
  4110 | D:5      | Found a stormy altar of Qazlal.
  4134 | D:5      | Reached skill level 5 in Fighting
  4134 | D:5      | Reached skill level 5 in Long Blades
  4637 | D:6      | Reached XP level 8. HP: 58/64 MP: 8/8
  4659 | D:6      | Found a shimmering altar of Xom.
  4737 | D:6      | Found a burning altar of Makhleb.
  4741 | D:6      | Noticed a cacodemon
  4741 | D:6      | Noticed an angel
  4761 | D:6      | Noticed Maggie
  4783 | D:6      | Killed from afar by Maggie

Illustrated notes

Levels and vault maps discovered:
D:1:      dpeg_arrival_another_circle, layout_basic, roderic_serpentine_path,
          serial_bayou_lagoon_a, kennysheep_decorative_pillar
D:2:      layout_rooms, basic_altar, kennysheep_generic_room_12
D:3:      layout_loops_ring, nicolae_gozag_cash_rules_everything_around_me,
          serial_shops, nicolae_shop_behind_doors, minmay_snake_closets,
          uniq_robin, uniq_crazy_yiuf_cottage
D:4:      layout_cave_pods, mainiacjoe_overflow_tiny_flanked,
          minmay_temple_entry_proselytizer
D:5:      minmay_bubble_buster, layout_basic, nicolae_tso_swordbearing_angel,
          nicolae_qazlal_scattered_showers, trog_ov_bears_minmay
D:6:      layout_basic, grunt_temple_overflow_order_and_chaos_2,
          mainiacjoe_overflow_concentric_impassable,
          mainiacjoe_overflow_brackets, minmay_misc_feat_pillars, uniq_maggie,
          uniq_grinder
Temple:   nicolae_temple_ecumenical_triangle

Skill      XL: |  1  2  3  4  5  6  7 |
---------------+----------------------+-----
Throwing       | 2 |  2.0
Dodging        | 3 |  3.0
Long Blades    | 3 4 5 |  5.6
Fighting       | 3 4 5 |  5.8
Shields        | 1 2 3 4 |  4.3

Action                     |  1- 3 |  4- 6 |  7- 9 || total
---------------------------+-------+-------+-------++-------
  Melee: Long sword        |   121 |   240 |   102 ||   463
         Headbutt          |    13 |    42 |    24 ||    79
         Punch             |       |     1 |       ||     1
   Stab: Sleeping          |     1 |       |       ||     1
         Distracted        |       |       |     1 ||     1
 Armour: Leather armour    |    19 |       |       ||    19
         Ring mail         |    51 |   131 |    55 ||   237
  Dodge: Dodged            |    70 |    99 |    31 ||   200
  Block: Other             |    14 |     7 |       ||    21
         Buckler           |       |   110 |    37 ||   147

Table legend: (Time is in decaauts)
 A = Elapsed time spent in this place.
 B = Non-inter-level travel time spent in this place.
 C = Inter-level travel time spent in this place.
 D = Time resting spent in this place.
 E = Time spent auto-exploring this place.
 F = Levels seen in this place.
 G = Mean time per level.
                   A        B        C        D        E       F      G
               +--------+--------+--------+--------+--------+-----+--------+
         Total |   4886 |   4686 |    200 |    387 |   3150 |   7 |  698.0 |
       Dungeon |   4871 |   4671 |    200 |    387 |   3150 |   6 |  811.8 |
        Temple |     14 |     14 |      0 |      0 |      0 |   1 |   14.0 |
               +--------+--------+--------+--------+--------+-----+--------+

Top non-repeatable levels by time:
     D:3: 1422 daAuts
     D:1: 1122 daAuts
     D:4: 1098 daAuts
     D:6: 586 daAuts
     D:2: 509 daAuts
     D:5: 132 daAuts
  Temple: 14 daAuts
